 Dungeon Crawl Stone Soup version 0.30-a0-626-gd6a5dd7a1f (webtiles) character file.

Game seed: 8677594969707477056

8703 ryw the Transmogrifier (level 11, -3/62 HPs)
             Began as a Deep Elf Necromancer on Jan 12, 2023.
             Was an Initiate of Ru.
             Slain by Grum
             ... wielding a -2 spear
              (16 damage)
             ... on level 9 of the Dungeon.
             The game lasted 00:47:38 (11711 turns).

ryw the Transmogrifier (Deep Elf Necromancer)      Turns: 11711, Time: 00:47:39

Health: -3/62      AC:  2    Str:  5    XL:     11   Next: 13%
Magic:  0/30       EV: 28    Int: 31    God:    Ru [......]
Gold:   15         SH:  0    Dex: 20    Spells: 7/20 levels left

rFire   . . .      SeeInvis .      - Unarmed
rCold   . . .      Faith    .    (shield currently unavailable)
rNeg    . . .      Spirit   +    (body armour currently unavailable)
rPois   x          Reflect  .    (helmet currently unavailable)
rElec   .          Harm     .    (cloak currently unavailable)
rCorr   .          Rampage  .    (gloves currently unavailable)
Will    +....                    (boots currently unavailable)
Stlth   ++                       u - amulet of guardian spirit
HPRegen 0.30/turn                e - ring of magical power
MPRegen 0.22/turn                B - +6 ring of intelligence

@: spider-form, wereblooded
A: venomous fangs, tiny
a: End Transformation, Renounce Religion


You were on level 9 of the Dungeon.
You worshipped Ru.
Ru was noncommittal.
You were a venomous arachnid creature.
You visited 2 branches of the dungeon, and saw 10 of its levels.

You collected 496 gold pieces.
You spent 481 gold pieces at shops.

Inventory:

Hand Weapons
 z - the +4 broad axe "Rula" {antimagic, rPois Str+2 Int+2}
   (You found it on level 8 of the Dungeon)

   Str:       It affects your strength (+2).
   Int:       It affects your intelligence (+2).
   rPois:     It protects you from poison.
 E - the +3 long sword of the Nurturing Asp {flame, Str+2}
   (You found it on level 8 of the Dungeon)

   Str:       It affects your strength (+2).
Missiles
 x - a throwing net
Armour
 h - a +2 pair of boots of rampaging (melded)
 j - a +1 robe of resistance (melded)
 s - a +2 helmet (melded)
 y - a +0 pair of gloves (melded)
Jewellery
 e - a ring of magical power (left front pincers)
 l - a +4 ring of protection
 m - a ring of ice
 u - an amulet of guardian spirit (around neck)
 A - a ring of fire
 B - a +6 ring of intelligence (right front pincers)
Wands
 n - a wand of charming (18)
 p - a wand of iceblast (40)
 t - a wand of light (12)
Scrolls
 f - a scroll of blinking
 g - 7 scrolls of teleportation
 k - a scroll of magic mapping
 r - 3 scrolls of fog
Potions
 a - a potion of heal wounds
 b - a potion of magic
 c - 2 potions of haste
 d - a potion of degeneration
 i - a potion of flight
 o - 8 potions of curing
 q - a potion of invisibility
 v - 2 potions of mutation
 w - 2 potions of resistance
 C - 2 potions of brilliance
 D - 2 potions of ambrosia


   Skills:
 + Level 4.5 Fighting
 + Level 9.3 Dodging
 - Level 2.4 Stealth
 * Level 8.0 Unarmed Combat
 + Level 5.4 Spellcasting
 - Level 6.0 Necromancy
 * Level 10.3 Transmutations
 + Level 3.4 Ice Magic


You had 7 spell levels left.
You knew the following spells:

 Your Spells              Type           Power      Damage    Failure   Level
a - Ozocubu's Armour      Ice            30%        N/A       12%         3
b - Spider Form           Tmut/Pois      40%        N/A       8%          3
c - Blade Hands           Tmut           32%        N/A       8%          5
z - Wereblood             Tmut           64%        N/A       1%          2

Your spell library contained the following spells:

 Spells                   Type           Power      Damage    Failure   Level
 Beastly Appendage        Tmut           100%       N/A       1%          1
 Necrotise                Necr           100%       1d9       3%          1
 Vampiric Draining        Necr           45%        2d9       6%          3
 Cigotuvi's Dreadful Rot  Necr/Pois/Air  40%        N/A       12%         2
 Animate Dead             Necr           45%        N/A       13%         4
 Apportation              Tloc           16%        N/A       16%         1
 Poisonous Vapours        Pois/Air       16%        N/A       21%         2
 Agony                    Necr           45%        N/A       28%         5
 Call Canine Familiar     Summ           8%         N/A       34%         3
 Mephitic Cloud           Conj/Pois/Air  8%         N/A       34%         3
 Portal Projectile        Hex/Tloc       16%        N/A       34%         3
 Alistair's Intoxication  Tmut/Pois      26%        N/A       36%         5
 Irradiate                Conj/Tmut      20%        3d18      36%         5
 Yara's Violent Unravell  Hex/Tmut       20%        3d9       36%         5
 Leda's Liquefaction      Hex/Erth       4%         N/A       67%         4
 Dragon Form              Tmut           32%        N/A       75%         7
 Metabolic Englaciation   Hex/Ice        9%         N/A       77%         5
 Simulacrum               Ice/Necr       18%        N/A       89%         6
 Enfeeble                 Hex            4%         N/A       100%        7
 Ozocubu's Refrigeration  Ice            15%        4d10      100%        7


Dungeon Overview and Level Annotations

Branches:
Dungeon (9/15)             Temple (1/1) D:7             Orc (0/2) D:9
   Lair: D:8-11

Altars:
Ashenzari
Cheibriados
Dithmenos
Elyvilon
Fedhas
Gozag
Hepliaklqana
Kikubaaqudgha
Makhleb
Nemelex Xobeh
Qazlal
Ru
Sif Muna
Trog
Uskayaw
Vehumet
Wu Jian
Xom
Yredelemnul
Zin
The Shining One

Shops:
D:6 (   D:8 (=![?

Annotations:
D:9 Grum


Message History

Unknown command.
Unknown command.
Unknown command.
Your icy armour will break if you move.
Continue?
You bite something!
You feel a bit better.
Reactivating autopickup.
You feel a bit more experienced.
You hiss as the wereblood boils in your veins!
Something hits you!
Deactivating autopickup; reactivate with Ctrl-A.
Your icy armour cracks and falls away as you move.
Something misses you.
Things that are here:
a +0 dagger; a +0 robe; a wolf corpse You hiss as the wereblood boils in your veins!
Something hits you. Something barely misses you. Something closely misses you.
You hiss as the wereblood boils in your veins!
Something hits you!
* * * LOW HITPOINT WARNING * * *
Things that are here:
a +0 dagger; a +0 robe; a wolf corpse Something completely misses you.
You hiss as the wereblood boils in your veins!
Something closely misses you.
Things that are here:
a +0 dagger; a +0 robe; a wolf corpse You hiss as the wereblood boils in your veins!
Grum appears from thin air!
Reactivating autopickup.
Grum misses you.
Grum looks more healthy.
Grum completely misses you.
Things that are here:
a +0 dagger; a +0 robe; a wolf corpse Grum completely misses you.
Things that are here:
a +0 mace; a +0 leather armour Grum hits you with a -2 spear!!
You die...

#...~≈≈~...~≈ ##...~≈≈~.~~.~
##...~≈≈≈~.~≈~.
##....~≈≈≈~.~≈≈~ #
##....~≈≈~.~.~≈≈~ #
#.......~~.~.~~~~ ..
.........~...~~..~~.##...
.....................#...
.......)sg..............)
.....###)##########..#...
####.....### #.P...P.
####....#### #.~.~~..
###........####.~~~~P.
####........#.....~~~~~..
###.............##...~~.≈..
##................##........
#..................#..###...


You could see Grum.

Vanquished Creatures
  Harold (D:9)
  A centaur warrior (D:8)
  Pikel (D:4)
  A manticore (D:8)
  An ugly thing (D:8)
  2 gargoyles (D:8)
  2 unseen horror zombies (D:9)
  Maggie (D:6)
  A troll (D:9)
  A wyvern (shapeshifter) (D:8)
  Eustachio (D:4)
  A wyvern (D:7)
  A steam dragon (D:7)
  2 ice beasts
  3 sky beasts
  2 orc warriors (D:9)
  2 black bears
  2 ogres
  3 wolves (D:9)
  4 centaurs
  A kobold brigand (D:6)
  2 phantoms
  A lemure (D:4)
  5 bullfrogs
  2 necrophages
  2 gnoll sergeants
  3 scorpions
  5 wights (D:9)
  Dowan (D:5)
  An electric eel (D:9)
  2 howler monkeys
  9 hounds
  2 jellies
  6 orc priests
  3 iguanas
  Ijyb (D:3)
  7 orc wizards
  A killer bee zombie (D:9)
  Robin (D:3)
  5 gnolls (D:7)
  8 adders
  A white imp (D:6)
  3 worms
  2 dart slugs
  55 orcs
  8 ball pythons
  5 endoplasms
  3 giant cockroaches
  18 goblins
  10 hobgoblins
  2 jackals (D:2)
  11 kobolds
  4 quokkas
  6 bats
  2 frilled lizards
  6 rats
237 creatures vanquished.

Vanquished Creatures (collateral kills)
  A frilled lizard (D:2)
1 creature vanquished.

Vanquished Creatures (others)
  Sigmund (D:5)
  Duvessa (D:5)
  5 plants
  2 withered plants (D:9)
9 creatures vanquished.

Grand Total: 247 creatures vanquished

Notes
Turn   | Place    | Note
-------+----------+-------------------------------------------
     0 | D:1      | ryw the Deep Elf Necromancer began the quest for the Orb.
     0 | D:1      | Reached XP level 1. HP: 10/10 MP: 6/6
   204 | D:1      | Reached skill level 5 in Necromancy
   278 | D:1      | Reached XP level 2. HP: 15/15 MP: 8/8
   554 | D:1      | Found a faded altar of an unknown god.
   960 | D:2      | Reached XP level 3. HP: 10/19 MP: 9/9
  1088 | D:2      | Learned a level 3 spell: Vampiric Draining
  1601 | D:2      | Reached XP level 4. HP: 24/24 MP: 10/10
  1768 | D:3      | Noticed Robin
  1845 | D:3      | Noticed a necrophage
  2018 | D:3      | Noticed Ijyb
  2026 | D:3      | Killed Ijyb
  2210 | D:3      | Reached skill level 5 in Dodging
  2511 | D:3      | Reached XP level 5. HP: 21/28 MP: 11/11
  2806 | D:3      | Reached XP level 6. HP: 32/32 MP: 5/12
  3103 | D:3      | Learned a level 2 spell: Wereblood
  3299 | D:3      | Killed Robin
  3817 | D:4      | Found a glowing silver altar of Zin.
  4248 | D:4      | Reached skill level 1 in Transmutations
  4483 | D:4      | Noticed Eustachio
  4489 | D:4      | Killed Eustachio
  4490 | D:4      | Reached skill level 1 in Fighting
  4490 | D:4      | Reached skill level 1 in Unarmed Combat
  4490 | D:4      | Reached skill level 2 in Transmutations
  4490 | D:4      | Reached XP level 7. HP: 38/38 MP: 4/13
  4495 | D:4      | Learned a level 3 spell: Spider Form
  4833 | D:5      | Entered Level 5 of the Dungeon
  4858 | D:5      | Noticed Pikel
  4909 | D:4      | Killed Pikel
  4910 | D:4      | Reached skill level 4 in Transmutations
  4910 | D:4      | Reached XP level 8. HP: 13/44 MP: 13/14
  5062 | D:5      | Noticed Duvessa
  5062 | D:5      | Noticed Dowan
  5170 | D:5      | Killed Duvessa
  5173 | D:5      | Killed Dowan
  5291 | D:5      | Reached skill level 5 in Transmutations
  5325 | D:5      | Noticed Sigmund
  5348 | D:5      | Killed Sigmund
  5523 | D:5      | Learned a level 5 spell: Blade Hands
  5542 | D:5      | Reached skill level 6 in Transmutations
  5598 | D:5      | Identified a scroll of acquirement
  5599 | D:5      | Acquired a +2 pair of boots of rampaging
  5848 | D:5      | Found a shimmering blue altar of Sif Muna.
  5971 | D:6      | Reached skill level 5 in Unarmed Combat
  5971 | D:6      | Reached XP level 9. HP: 27/50 MP: 15/15
  6068 | D:6      | Noticed Maggie
  6096 | D:6      | Killed Maggie
  6097 | D:6      | Reached skill level 7 in Transmutations
  6732 | D:6      | Found a shadowy altar of Dithmenos.
  6788 | D:6      | Found Nytiplon's Hydra Hut.
  6790 | D:6      | Noticed a seven-headed hydra
  6903 | D:6      | Reached skill level 8 in Transmutations
  7060 | D:7      | Found a hide-covered altar of Uskayaw.
  7233 | D:7      | Found a snail-covered altar of Cheibriados.
  7495 | D:7      | You fall into a shaft and drop 1 floor!
  7611 | D:7      | Found an opulent altar of Gozag.
  7633 | D:7      | Found a staircase to the Ecumenical Temple.
  7642 | Temple   | Entered the Ecumenical Temple
  7991 | D:7      | Found a white marble altar of Elyvilon.
  7991 | D:7      | Found a shimmering altar of Xom.
  8267 | D:7      | Reached XP level 10. HP: 39/56 MP: 17/17
  8330 | D:7      | Found a burning altar of Makhleb.
  8715 | D:8      | Found Fohule's Antique Armour Boutique.
  8723 | D:8      | Bought a pair of gloves for 121 gold pieces
  8730 | D:8      | Found Udocagg's Magic Scroll Boutique.
  8743 | D:8      | Found Jaufysugh's Distillery.
  8990 | D:8      | Found Feuphuogh's Jewellery Boutique.
  8998 | D:8      | Bought a +6 ring of intelligence for 360 gold pieces
  9006 | D:8      | Learned a level 3 spell: Ozocubu's Armour
  9033 | D:8      | Noticed a gargoyle
  9045 | D:8      | Killed a gargoyle
  9091 | D:8      | Noticed a manticore
  9092 | D:8      | Noticed a purple ugly thing
  9106 | D:8      | Killed a manticore
  9107 | D:8      | Reached skill level 9 in Transmutations
  9107 | D:8      | Reached skill level 1 in Ice Magic
  9116 | D:8      | Killed a purple ugly thing
  9437 | D:8      | Noticed a gargoyle
  9446 | D:8      | Killed a gargoyle
  9645 | D:8      | Identified the +4 broad axe "Rula" {antimagic, rPois Str+2
                  | Int+2}
  9679 | D:8      | Noticed a centaur warrior
  9693 | D:8      | Killed a centaur warrior
  9694 | D:8      | Reached skill level 5 in Spellcasting
  9797 | D:8      | Identified the +3 long sword of the Nurturing Asp {flame,
                  | Str+2}
  9835 | D:8      | Found Dyawuiwk's Antique Weapon Boutique.
 10113 | D:8      | Found a sacrificial altar of Ru.
 10128 | D:8      | Became a worshipper of Ru the Awakened
 10355 | D:9      | Found a staircase to the Orcish Mines.
 10649 | D:9      | Reached skill level 10 in Transmutations
 10652 | D:9      | Noticed Harold
 11149 | D:9      | Noticed a tengu warrior
 11279 | D:9      | Killed Harold
 11282 | D:9      | Reached XP level 11. HP: 58/62 MP: 18/20
 11671 | D:9      | Noticed Grum
 11711 | D:9      | Slain by Grum

Illustrated notes

Levels and vault maps discovered:
D:1:      onia_arrival_mini_maze_b, layout_rooms,
          hellmonk_ecumenical_altar_defaced_shrine, minmay_misc_feat_iff
D:2:      layout_rooms, chequers_serial_rivers_micro_e, kennysheep_small_spiral,
          kennysheep_generic_room_14
D:3:      layout_loops_ring, chequers_serial_rivers_micro_a, uniq_robin,
          uniq_ijyb
D:4:      layout_loops_ring, nicolae_overflow_crystal_walls, uniq_eustachio
D:5:      layout_basic, kennysheep_orc_sif_temple, uniq_pikel, uniq_duvessa,
          uniq_sigmund
D:6:      layout_basic, grunt_dithmenos_shadows, doesnt_shop_hydraphobe,
          uniq_maggie
D:7:      layout_rooms, mainiacjoe_overflow_concentric_impassable,
          gammafunk_temple_overflow_wave, slow_altar_2, general_overflow_altar,
          mainiacjoe_overflow_cross_hatched, minmay_temple_entry_antechambers
D:8:      minmay_tri_box, layout_cave_pools,
          nicolae_ru_great_annihilating_truth, serial_shops, nicolae_shop_stone,
          kennysheep_mini_moat, nicolae_shop_advertising_works
          [nicolae_subvault_shop_adworks], shop, shop,
          minmay_misc_feat_diagonals
D:9:      layout_cave_pods, erik_lair_island, hiddenorc2_lemuel, serial_undead,
          serial_undead_c, serial_undead_e, serial_undead_d, serial_undead_f,
          serial_undead_f, serial_undead_a, serial_undead_f, serial_undead_c,
          serial_undead_b, serial_undead_c, uniq_grum, uniq_harold
Temple:   bh_familiar_temple

Skill      XL: |  1  2  3  4  5  6  7  8  9 10 11 |
---------------+----------------------------------+-----
Necromancy     | 5 6 |  6.0
Dodging        | 3 4 5 6 7 8 9 |  9.3
Transmutations | 2 4 6 8 10 | 10.3
Fighting       | 1 2 3 4 |  4.5
Unarmed Combat | 1 2 5 6 7 8 |  8.0
Spellcasting   | 5 |  5.4
Ice Magic      | 3 |  3.4
Stealth        | |  2.4

Action                   |  1- 3 |  4- 6 |  7- 9 | 10-12 || total
-------------------------+-------+-------+-------+-------++-------
Melee: Short sword       |     1 |    40 |    12 |       ||    53
       Unarmed           |       |       |   400 |   258 ||   658
       Punch             |       |       |       |     6 ||     6
 Cast: Necrotise         |    68 |    11 |       |       ||    79
       Vampiric Draining |     2 |    69 |       |       ||    71
       Wereblood         |       |     4 |     5 |    14 ||    23
       Spider Form       |       |       |    43 |    12 ||    55
       Blade Hands       |       |       |       |    12 ||    12
       Ozocubu's Armour  |       |       |       |    10 ||    10
  Use: Scroll            |       |    12 |     6 |     6 ||    24
       Potion            |       |     5 |       |       ||     5
 Stab: Sleeping          |       |     2 |       |       ||     2
Armor: Robe              |     3 |    23 |    13 |    80 ||   119
       Skin              |       |       |    40 |     8 ||    48
Dodge: Dodged            |    13 |    56 |   420 |   307 ||   796

Table legend: (Time is in decaauts)
 A = Elapsed time spent in this place.
 B = Non-inter-level travel time spent in this place.
 C = Inter-level travel time spent in this place.
 D = Time resting spent in this place.
 E = Time spent auto-exploring this place.
 F = Levels seen in this place.
 G = Mean time per level.
                   A        B        C        D        E       F      G
               +--------+--------+--------+--------+--------+-----+--------+
         Total |  11661 |  11091 |    570 |   2307 |   6338 |  10 | 1166.1 |
       Dungeon |  11480 |  10934 |    546 |   2307 |   6186 |   9 | 1275.6 |
        Temple |    180 |    156 |     24 |      0 |    152 |   1 |  180.0 |
               +--------+--------+--------+--------+--------+-----+--------+

Top non-repeatable levels by time:
     D:8: 2379 daAuts
     D:3: 1775 daAuts
     D:4: 1359 daAuts
     D:7: 1326 daAuts
     D:6: 1150 daAuts
     D:2: 1021 daAuts
     D:1: 963 daAuts
     D:5: 788 daAuts
     D:9: 714 daAuts
  Temple: 180 daAuts
